 Dungeon Crawl Stone Soup version 0.29-a0-323-g050149af67 (webtiles) character file.

Game seed: 17540215111851164586

31379 snetch the Severer (level 13, -23/119 HPs)
             Began as a Minotaur Berserker on Apr 9, 2022.
             Was an Elder of Trog.
             Annihilated by a white ugly thing (26 damage)
             ... on level 14 of the Dungeon on Apr 11, 2022.
             The game lasted 00:42:13 (15887 turns).

snetch the Severer (Minotaur Berserker)            Turns: 15887, Time: 00:42:13

Health: -23/119    AC: 18    Str: 26    XL:     13   Next: 25%
Magic:  0/21       EV: 16    Int:  4    God:    Trog [****..]
Gold:   971        SH:  0    Dex: 11    Spells: 12/12 levels left

rFire   . . .      SeeInvis .   a - +2 battleaxe
rCold   . . .      Faith    .   (shield currently unavailable)
rNeg    + . .      Spirit   +   l - +3 scale mail
rPois   .          Reflect  .   (helmet restricted)
rElec   .          Harm     .   N - +0 cloak "Ucsuni" {Rampage rN+ Stlth+}
rCorr   .          Rampage  +   i - +2 pair of gloves
Will    ++...                   u - +0 pair of boots
Stlth   ++........              U - amulet of guardian spirit
HPRegen 1.29/turn               q - +4 ring of evasion
MPRegen 0.17/turn               p - ring of magical power

@: strong-willed, regenerating
A: horns 2, retaliatory headbutt
a: Renounce Religion, Berserk, Trog's Hand, Brothers in Arms


You were on level 14 of the Dungeon.
You worshipped Trog.
Trog was greatly pleased with you.
You visited 2 branches of the dungeon, and saw 16 of its levels.

You collected 1015 gold pieces.
You spent 44 gold pieces at shops.

Inventory:

Hand Weapons
 a - a +2 battleaxe (weapon)
 b - a +3 morningstar
 c - a +3 halberd
 d - a +0 scimitar of flaming
Missiles
 k - 336 stones (quivered)
 z - 12 boomerangs
 G - a throwing net
 R - 13 poisoned darts
 W - a curare-tipped dart
Armour
 i - a +2 pair of gloves (worn)
 l - a +3 scale mail (worn)
 u - a +0 pair of boots (worn)
 N - the +0 cloak "Ucsuni" (worn) {Rampage rN+ Stlth+}
   (You found it on level 7 of the Dungeon)

   rN:        It protects you from negative energy.
   Rampage:   It bestows one free step when moving towards enemies.
   Stlth:     It makes you more stealthy.
Jewellery
 h - a ring of protection from cold
 j - a ring of resist corrosion
 p - a ring of magical power (right hand)
 q - a +4 ring of evasion (left hand)
 Q - a ring of poison resistance
 U - an amulet of guardian spirit (around neck)
Wands
 C - a wand of flame (37)
 H - a wand of paralysis (7)
 I - a wand of iceblast (20)
 L - a wand of acid (10)
 O - a wand of charming (11)
 P - a wand of digging (12)
 V - a wand of polymorph (1)
Scrolls
 m - 6 scrolls of teleportation {unknown}
 n - 2 scrolls of enchant weapon
 t - 3 scrolls of fog {unknown}
 v - 3 scrolls of vulnerability {unknown}
 w - 2 scrolls of silence {unknown}
 x - 6 scrolls of fear {unknown}
 y - 5 scrolls of magic mapping {unknown}
 A - 3 scrolls of amnesia {unknown}
 E - 3 scrolls of blinking {unknown}
 F - a scroll of enchant armour
 S - 2 scrolls of brand weapon
 X - a scroll of torment
 Z - a scroll of acquirement
Potions
 e - 4 potions of attraction {unknown}
 f - a potion of cancellation
 g - a potion of flight
 o - 6 potions of brilliance {unknown}
 r - 4 potions of resistance {unknown}
 s - 4 potions of haste {unknown}
 B - 5 potions of lignification {unknown}
 D - 2 potions of mutation
 J - 4 potions of heal wounds {unknown}
 K - a potion of might
 M - 10 potions of curing
 T - a potion of invisibility
 Y - a potion of ambrosia


   Skills:
 + Level 12.9 Fighting
 + Level 19.4(19.5) Axes
 + Level 1.2(12.8) Maces & Flails
 + Level 11.6 Armour
 + Level 6.6 Dodging
 + Level 3.8 Stealth


You had 12 spell levels left.
You didn't know any spells.
Your spell library contained the following spells:

 Spells                   Type           Power      Damage    Failure   Level
 Sublimation of Blood     Necr           0%         N/A       86%         2
 Wereblood                Tmut           0%         N/A       86%         2
 Summon Hydra             Summ           0%         N/A       100%        7


Dungeon Overview and Level Annotations

Branches:
Dungeon (15/15)            Temple (1/1) D:7            Lair (0/6) D:9
    Orc (0/2) D:11         Vaults (0/5) D:14
 Depths: D:15

Altars:
Ashenzari
Cheibriados
Dithmenos
Elyvilon
Fedhas
Gozag
Hepliaklqana
Kikubaaqudgha
Makhleb
Nemelex Xobeh
Okawaru
Qazlal
Ru
Sif Muna
Trog
Uskayaw
Vehumet
Wu Jian
Xom
Yredelemnul
Zin
The Shining One

Shops:
D:6 *

Portals:
Trove: D:11 (give 17 scrolls of teleportation)

Annotations:
D:10 1 runed translucent door, siradein's ghost, journeyman DrFi


Innate Abilities, Weirdness & Mutations

You have a pair of horns on your head.
You reflexively headbutt those who attack you in melee.


Message History

The vault guard closely misses you. You furiously retaliate!
You headbutt the vault guard.
The vault guard hits you with a +0 glaive.
You see here 5 large rocks.
Unknown command.
The white ugly thing attacks as you move away!
The white ugly thing tail-slaps you but does no damage.
The white ugly thing attacks as you move away!
The white ugly thing tail-slaps you but does no damage. x2
The white ugly thing attacks as you move away!
The white ugly thing tail-slaps you. The white ugly thing freezes you!
* * * LOW HITPOINT WARNING * * *
The white ugly thing attacks as you move away!
The white ugly thing misses you.
The white ugly thing attacks as you move away!
The white ugly thing closely misses you.
The white ugly thing attacks as you move away!
The white ugly thing tail-slaps you!
* * * LOW HITPOINT WARNING * * *
The white ugly thing freezes you!!
* * * LOW HITPOINT WARNING * * *
There is an open door here.
It was a potion of curing.
You feel better.
The white ugly thing completely misses you.
You feel better.
The white ugly thing tail-slaps you but does no damage.
The vault guard hits you from afar with a +0 glaive!
* * * LOW HITPOINT WARNING * * *
Press: ? - help, v - describe, . - travel
Here: a white ugly thing (moderately wounded)
The floor, spattered with blood.
Okay, then.
Okay, then.
Okay, then.
Your skin crawls.
You feel strong-willed. The white ugly thing tail-slaps you!
* * * LOW HITPOINT WARNING * * *
The white ugly thing freezes you!!
You die...

#..... ###'## #.#
############### #.#
#.............# #########
#.# ...........p..#
#.......# #.#
#.......##....# #.......#
#.##
##..[p.####.p.###.......#
#..# ##..p##
##.ppu@.......### ##.#
##O##
##...##.......'.#####.#
#.Y.†Y#
##...###.......#........
#.#...#.##....#
#......>#######.# # .[...
#....## #.......# #.#
...∩...+....# #####'###
#.# #.......#....# ##...#
#.# #.#...#.##...# #..###
#.# ##....)####..#
###.#### #†#


You could see 3 vault guards and a white ugly thing.

Vanquished Creatures
  A rakshasa (D:12)
  4 boulder beetles
  A hydra (D:12)
  4 centaur warriors
  A death knight (D:14)
  2 two-headed ogres
  A sixfirhy (D:12)
  2 skeletal warriors (D:12)
  A deep elf pyromancer (D:12)
  A phantasmal warrior (D:13)
  A manticore (D:15)
  4 cyclopes
  A moth of wrath (shapeshifter) (D:13)
  An efreet (D:14)
  3 gargoyles
  An unseen horror (D:13)
  2 komodo dragons
  2 kobold demonologists (D:11)
  A freezing wraith (D:13)
  A guardian mummy (D:11)
  2 trolls (D:11)
  Grinder (D:6)
  4 slime creatures (D:13)
  3 shadows
  3 wyverns
  2 wraiths (D:12)
  A vampire (D:12)
  23 yaks
  A steam dragon (D:9)
  6 vampire mosquitoes
  Menkaure (D:6)
  5 redbacks (D:14)
  3 wargs (D:11)
  3 water moccasins
  An orc warrior (D:10)
  A sky beast (D:7)
  A black bear (D:7)
  15 centaurs
  A phantom (D:6)
  2 bullfrogs
  2 kobold brigands (D:11)
  A necrophage (D:5)
  3 scorpions
  22 wights
  A centaur zombie (D:5)
  2 bullfrog zombies (D:5)
  3 hounds
  6 orc priests
  3 jellies
  An iron imp (D:6)
  2 scorpion zombies (D:5)
  5 iguanas
  5 orc wizards
  Ijyb (D:4)
  11 gnolls
  4 adders
  2 white imps
  An ufetubus (D:4)
  An adder zombie (D:5)
  A worm (D:4)
  2 dart slugs
  31 orcs
  6 ball pythons
  8 bats
  8 endoplasms
  6 giant cockroaches
  9 goblins
  3 hobgoblins
  5 jackals
  2 quokkas (D:4)
  A frilled lizard (D:1)
  11 kobolds
  7 rats
290 creatures vanquished.

Vanquished Creatures (collateral kills)
  A vault guard (D:14)
  A death knight (D:13)
  3 skeletal warriors (D:12)
  A phantasmal warrior (D:13)
  A cyclops (D:14)
  A basilisk (D:13)
8 creatures vanquished.

Vanquished Creatures (others)
  6 plants (D:9)
6 creatures vanquished.

Grand Total: 304 creatures vanquished

Notes
Turn   | Place    | Note
-------+----------+-------------------------------------------
     0 | D:1      | snetch the Minotaur Berserker began the quest for the Orb.
     0 | D:1      | Reached XP level 1. HP: 19/19 MP: 0/0
   354 | D:1      | Reached XP level 2. HP: 22/27 MP: 1/1
   419 | D:1      | Reached skill level 4 in Axes
   972 | D:1      | Reached ** piety under Trog
   977 | D:1      | Reached XP level 3. HP: 27/33 MP: 2/2
  2285 | D:3      | Reached skill level 5 in Axes
  2588 | D:3      | Reached XP level 4. HP: 36/40 MP: 3/3
  2803 | D:3      | Found a hazy altar of Hepliaklqana.
  2990 | D:2      | Upgraded the game from 0.29-a0-322-g68df515428 to
                  | 0.29-a0-323-g050149af67
  3181 | D:3      | Reached XP level 5. HP: 47/47 MP: 4/4
  3460 | D:4      | Reached skill level 6 in Axes
  3473 | D:4      | Noticed Ijyb
  3480 | D:4      | Killed Ijyb
  3672 | D:4      | Reached skill level 1 in Stealth
  3683 | D:4      | Reached XP level 6. HP: 37/55 MP: 5/5
  3838 | D:5      | Entered Level 5 of the Dungeon
  4084 | D:4      | Reached skill level 5 in Fighting
  4483 | D:4      | Found a stormy altar of Qazlal.
  4495 | D:4      | Reached *** piety under Trog
  4635 | D:4      | Reached skill level 7 in Axes
  4704 | D:5      | Reached XP level 7. HP: 7/61 MP: 6/6
  5209 | D:5      | Found a basalt altar of Yredelemnul.
  5244 | D:5      | Reached skill level 8 in Axes
  5871 | D:6      | Noticed Grinder
  5883 | D:6      | Killed Grinder
  5884 | D:6      | Reached skill level 9 in Axes
  5884 | D:6      | Reached skill level 5 in Armour
  5884 | D:6      | Reached XP level 8. HP: 68/70 MP: 7/7
  5953 | D:6      | Found Qipliv's General Store.
  5957 | D:6      | Bought a potion of might for 44 gold pieces
  6283 | D:6      | Noticed Menkaure
  6289 | D:6      | Killed Menkaure
  6290 | D:6      | Reached skill level 10 in Axes
  6449 | D:6      | Found a shimmering altar of Xom.
  6464 | D:7      | Found a bloodstained altar of Trog.
  6565 | D:6      | Found a snail-covered altar of Cheibriados.
  6842 | D:7      | Found an opulent altar of Gozag.
  6850 | D:7      | Reached **** piety under Trog
  6859 | D:7      | Reached skill level 11 in Axes
  6859 | D:7      | Reached XP level 9. HP: 74/79 MP: 8/8
  6878 | D:7      | Found a white marble altar of Elyvilon.
  6885 | D:7      | Found a staircase to the Ecumenical Temple.
  6896 | Temple   | Entered the Ecumenical Temple
  7278 | D:7      | Identified the +0 cloak "Ucsuni" {Rampage rN+ Stlth+}
  7354 | D:7      | Found a burning altar of Makhleb.
  7361 | D:7      | Found an ornate altar of the Wu Jian Council.
  7547 | D:8      | Found a broken altar of Ashenzari.
  8083 | D:8      | Reached skill level 12 in Axes
  8376 | D:8      | Noticed a two-headed ogre
  8389 | D:8      | Killed a two-headed ogre
  8390 | D:8      | Reached skill level 13 in Axes
  8390 | D:8      | Reached XP level 10. HP: 57/88 MP: 9/9
  9481 | D:9      | Reached skill level 14 in Axes
  9542 | D:10     | Entered Level 10 of the Dungeon
  9966 | D:9      | Found a staircase to the Lair.
  9981 | D:9      | Reached skill level 5 in Dodging
 10225 | D:10     | Reached skill level 15 in Axes
 10483 | D:10     | Reached ***** piety under Trog
 10515 | D:11     | Found a shimmering altar of Xom.
 10587 | D:10     | Noticed a centaur warrior
 10606 | D:10     | Killed a centaur warrior
 10607 | D:10     | Reached XP level 11. HP: 70/99 MP: 10/10
 10868 | D:10     | Found a runed translucent door.
 10871 | D:10     | Noticed a great orb of eyes
 10872 | D:10     | Noticed siradein's ghost (journeyman DrFi)
 10920 | D:10     | Identified the +1 leather armour of Sin {rN+ Str+4}
 11328 | D:11     | Noticed a two-headed ogre
 11339 | D:11     | Killed a two-headed ogre
 11340 | D:11     | Reached skill level 10 in Fighting
 11474 | D:11     | Noticed a sixfirhy
 11477 | D:11     | Noticed a sun demon
 11518 | D:11     | Noticed a sixfirhy
 11655 | D:11     | Reached skill level 16 in Axes
 11684 | D:11     | Found a staircase to the Orcish Mines.
 12189 | D:11     | Found a portal to a secret trove of treasure.
 12361 | D:12     | Noticed an eight-headed hydra
 12368 | D:12     | Killed a nine-headed hydra
 12562 | D:12     | Noticed a sixfirhy
 12563 | D:12     | Found a runed translucent door.
 12577 | D:12     | Killed a sixfirhy
 12700 | D:12     | Noticed a deep elf pyromancer
 12704 | D:12     | Killed a deep elf pyromancer
 12721 | D:12     | Noticed a skeletal warrior
 12721 | D:12     | Noticed a skeletal warrior
 12722 | D:12     | Noticed a skeletal warrior
 12723 | D:12     | Noticed a skeletal warrior
 12736 | D:12     | Noticed a skeletal warrior
 12741 | D:12     | Killed a skeletal warrior
 12742 | D:12     | Reached skill level 10 in Armour
 12744 | D:12     | Killed a skeletal warrior
 12745 | D:12     | Reached skill level 17 in Axes
 12745 | D:12     | Reached XP level 12. HP: 30/110 MP: 2/11
 12747 | D:12     | Reached skill level 1 in Maces & Flails
 13178 | D:12     | Noticed a rakshasa
 13199 | D:12     | Killed a rakshasa
 13421 | D:12     | Noticed a boulder beetle
 13434 | D:12     | Killed a boulder beetle
 13629 | D:12     | Identified a scroll of acquirement
 13935 | D:13     | Noticed a death knight
 13949 | D:13     | Killed a death knight
 13950 | D:13     | Reached skill level 18 in Axes
 14140 | D:13     | Noticed a boulder beetle
 14165 | D:13     | Killed a boulder beetle
 14411 | D:13     | Noticed a centaur warrior
 14420 | D:13     | Killed a centaur warrior
 14604 | D:13     | You fall into a shaft and drop 2 floors!
 14604 | D:15     | Entered Level 15 of the Dungeon
 14702 | D:14     | Noticed a boulder beetle
 14710 | D:14     | Killed a boulder beetle
 14722 | D:14     | Noticed a centaur warrior
 14730 | D:14     | Killed a centaur warrior
 14731 | D:14     | Reached skill level 19 in Axes
 14734 | D:14     | Reached XP level 13. HP: 72/119 MP: 10/12
 15854 | D:14     | Found a gate to the Vaults.
 15884 | D:14     | HP: 1/119 [white ugly thing (20)]
 15887 | D:14     | Annihilated by a white ugly thing

Illustrated notes

Levels and vault maps discovered:
D:1:      wander_arrival_peaceful_grave, layout_basic, moated_statue
D:2:      layout_basic
D:3:      layout_basic, nicolae_hepliaklqana_hippocampus
D:4:      layout_basic, mainiacjoe_overflow_concentric_impassable, uniq_ijyb
D:5:      layout_basic, nicolae_yredelemnul_corpse_copse
D:6:      layout_rooms, mainiacjoe_overflow_brackets, chei_slow_surprise,
          serial_shops, nicolae_shop_crystal, hangedman_decor_slide_cut,
          uniq_menkaure, uniq_grinder
D:7:      layout_loops_corners, mainiacjoe_overflow_alcove_1,
          mainiacjoe_overflow_big_doors, mainiacjoe_overflow_catwalk_spiral,
          minmay_temple_entry_hall
D:8:      layout_basic, nicolae_ashenzari_skybound
D:9:      layout_cross, david_lair_shrubbed
D:10:     layout_basic, ebering_ghost_inner_flame, interstate_on_off
D:11:     layout_basic, minmay_orc_entry_guard_dogs,
          nicolae_trove_entry_path_of_doom, xom_teletrap_fun
D:12:     cheibrodos_shockbox, layout_long_grid
D:13:     layout_grid_maze
D:14:     layout_roguey, lightli_vaults_fourway_checkpoint
D:15:     grunt_enter_depths_magical_seal, layout_irregular_city, moated_statue,
          minmay_misc_feat_x
Temple:   minmay_temple_curvy_loop

Skill      XL: |  1  2  3  4  5  6  7  8  9 10 11 12 |
---------------+-------------------------------------+-----
Axes           | 4 5 6 7 9 11 13 15 17 19 | 19.4
Fighting       | 4 5 6 7 8 9 11 12 | 12.9
Dodging        | 3 4 5 6 |  6.6
Armour         | 3 4 5 6 7 8 10 11 | 11.6
Stealth        | 1 2 3 |  3.8
Maces & Flails | 1 |  1.2

Action                   |  1- 3 |  4- 6 |  7- 9 | 10-12 | 13-15 || total
-------------------------+-------+-------+-------+-------+-------++-------
Melee: Hand axe          |    69 |       |       |       |       ||    69
       Headbutt          |     9 |    11 |    30 |    80 |    11 ||   141
       Punch             |     1 |       |       |       |       ||     1
       Battleaxe         |    24 |    82 |   185 |   312 |    36 ||   639
       Morningstar       |       |       |       |     2 |       ||     2
Invok: Trog's Hand       |       |     1 |     1 |     2 |     1 ||     5
       Berserk           |       |       |       |     2 |       ||     2
       Brothers in Arms  |       |       |       |     2 |     2 ||     4
  Use: Scroll            |       |       |       |    10 |     2 ||    12
       Potion            |       |       |       |       |     2 ||     2
 Stab: Sleeping          |     1 |       |     1 |     3 |     2 ||     7
       Distracted        |       |       |       |     1 |       ||     1
Armor: Animal skin       |    22 |       |       |       |       ||    22
       Scale mail        |     4 |    46 |    85 |   143 |    17 ||   295
       Ring mail         |     1 |       |       |       |       ||     1
Dodge: Dodged            |    67 |   109 |   132 |   242 |    24 ||   574

Table legend: (Time is in decaauts)
 A = Elapsed time spent in this place.
 B = Non-inter-level travel time spent in this place.
 C = Inter-level travel time spent in this place.
 D = Time resting spent in this place.
 E = Time spent auto-exploring this place.
 F = Levels seen in this place.
 G = Mean time per level.
                   A        B        C        D        E       F      G
               +--------+--------+--------+--------+--------+-----+--------+
         Total |  16026 |  14768 |   1258 |    197 |  11113 |  16 | 1001.6 |
       Dungeon |  15801 |  14566 |   1235 |    197 |  10917 |  15 | 1053.4 |
        Temple |    224 |    201 |     23 |      0 |    196 |   1 |  224.0 |
               +--------+--------+--------+--------+--------+-----+--------+

Top non-repeatable levels by time:
    D:12: 1609 daAuts
    D:13: 1551 daAuts
     D:4: 1503 daAuts
     D:2: 1206 daAuts
     D:7: 1173 daAuts
     D:8: 1159 daAuts
     D:1: 1143 daAuts
    D:10: 1136 daAuts
     D:3: 1091 daAuts
    D:11: 1032 daAuts
     D:5: 1017 daAuts
     D:6: 881 daAuts
     D:9: 871 daAuts
    D:14: 334 daAuts
  Temple: 224 daAuts
